 Dungeon Crawl Stone Soup version 0.30.0-5-g1a98f26d00 (webtiles) character file.

Game seed: 18342583341365986204

59 shayaa the Trooper (level 4, 48/49 HPs)
             Began as an Ogre Fighter on May 12, 2023.
             Quit the game on level 2 of the Dungeon.
             The game lasted 00:02:00 (1027 turns).

shayaa the Trooper (Ogre Fighter)                   Turns: 1027, Time: 00:02:01

Health: 48/49      AC:  3    Str: 22    XL:     4   Next: 3%
Magic:  4/4        EV:  8    Int:  9    God:
Gold:   69         SH:  7    Dex:  8    Spells: 3/3 levels left

rFire   . . .        a - +0 war axe
rCold   . . .        c - +0 kite shield
rNeg    . . .        b - +0 robe
rPois   .            (helmet restricted)
rElec   .            (no cloak)
rCorr   .            (gloves unavailable)
SInv    .            (boots unavailable)
Will    .....        (no amulet)
Stlth   +            (no ring)
HPRegen 0.28/turn    (no ring)
MPRegen 0.09/turn

%: no passive effects
@: no status effects
A: large, unfitting armour, tough skin 1
a: no special abilities


You were on level 2 of the Dungeon.
You visited 1 branch of the dungeon, and saw 2 of its levels.

You collected 69 gold pieces.

Inventory:

Hand Weapons
 a - a +0 war axe (weapon)
Armour
 b - a +0 robe (worn)
 c - a +0 kite shield (worn)
Scrolls
 e - a scroll of enchant armour {unknown}
 f - a scroll of fear {unknown}
 h - a scroll of identify {unknown}
 i - a scroll of poison {unknown}
 j - a scroll of noise {unknown}
 k - a scroll of magic mapping {unknown}
Potions
 d - 2 potions of might
 g - a potion of heal wounds {unknown}
 l - a potion of haste {unknown}


   Skills:
 + Level 4.6 Fighting
 + Level 2.9 Axes
 + Level 3.1 Dodging
 + Level 3.4 Shields


You had 3 spell levels left.
You didn't know any spells.
Your spell library contained the following spells:

 Spells                   Type           Power      Damage    Failure   Level
 Beastly Appendage        Tmut           0%         N/A       67%         1
 Necrotise                Necr           0%         1d4       67%         1
 Wereblood                Tmut           0%         N/A       80%         2
 Spider Form              Tmut/Pois      0%         N/A       95%         3
 Vampiric Draining        Necr           0%         2d6       95%         3
 Agony                    Necr           0%         N/A       100%        5


Dungeon Overview and Level Annotations

Branches:
Dungeon (2/15)

Altars:

Shops:
D:1 *


Innate Abilities, Weirdness & Mutations

You are too large for most types of armour.
You have tough skin. (AC +1)


Message History

A quokka comes into view.
You slash the quokka!
You kill the quokka!
You see here a quokka corpse.
A bat comes into view.
Found 7 gold pieces.
The bat hits you but does no damage. You block the bat's attack.
You barely miss the bat. The bat hits you but does no damage.
You block the bat's attack. The bat hits you.
You hit the bat.
You kill the bat!
You have reached level 4!
You see here a bat corpse.
Found a stone staircase leading down.
You now have 69 gold pieces (gained 7).
There is a stone staircase leading down here.
A kobold comes into view. It is wielding a +0 dagger.
The kobold shouts!
A kobold is nearby!
Found a fading ring mail.
A rat comes into view.
The kobold hits you with a +0 dagger.
You barely miss the kobold. The kobold hits you with a +0 dagger.
The kobold hits you but does no damage.
You hit the kobold.
The kobold is heavily wounded.
You block the kobold's attack.
You hit the kobold.
You kill the kobold!
You block the rat's attack.
You closely miss the rat. You block the rat's attack.
You slash the rat!
You kill the rat!
Things that are here:
a +0 dagger; a kobold corpse You see here the +4 ring mail of the Disturbing Violins {rElec Dex+5}.
m - the +4 ring mail of the Disturbing Violins {rElec Dex+5} This armour is too small for you!
You drop the +4 ring mail of the Disturbing Violins {rElec Dex+5}.
Are you sure you want to abandon this character and quit the game? (Confirm with "yes".)

# #. .. #. #.
#. . .. #. ..
#. #. #.###.
#.
#.....#####.#
#. #.........#
#> #...@.# #.
#..##.# #####.
#. #.# #.....
# #.# #.####
#)# #.# #.#
#.# #.# #.#
#.##########.#
#............#


There were no monsters in sight!

Vanquished Creatures
  2 adders (D:2)
  A worm (D:2)
  A dart slug (D:1)
  6 bats
  A giant cockroach (D:1)
  6 goblins
  2 hobgoblins
  3 jackals (D:1)
  2 quokkas
  A ball python (D:1)
  2 frilled lizards (D:1)
  3 kobolds
  4 rats
34 creatures vanquished.

Notes
Turn   | Place    | Note
-------+----------+-------------------------------------------
     0 | D:1      | shayaa the Ogre Fighter began the quest for the Orb.
     0 | D:1      | Reached XP level 1. HP: 24/24 MP: 1/1
   111 | D:1      | Reached XP level 2. HP: 26/32 MP: 2/2
   258 | D:1      | Found Manew's General Store.
   420 | D:1      | Reached XP level 3. HP: 19/40 MP: 3/3
   978 | D:2      | Reached XP level 4. HP: 49/49 MP: 4/4
  1024 | D:2      | Identified the +4 ring mail of the Disturbing Violins
                  | {rElec Dex+5}
  1027 | D:2      | Quit the game

Illustrated notes

Levels and vault maps discovered:
D:1:      dpeg_arrival_chambers_temple_mockup, layout_rooms, serial_shops, shop
D:2:      layout_loops_ring

Skill      XL: |  1  2 |
---------------+-------+-----
Dodging        | 3 |  3.1
Fighting       | |  4.6
Axes           | |  2.9
Shields        | |  3.4

Action                     |  1- 3 |  4- 6 || total
---------------------------+-------+-------++-------
  Melee: War axe           |    91 |     5 ||    96
 Armour: Robe              |    41 |     1 ||    42
  Dodge: Dodged            |    51 |       ||    51
  Block: Kite shield       |    46 |     3 ||    49
